 Dungeon Crawl Stone Soup version 0.29.1-15-g9cfb28693d (webtiles) character file.

Game seed: 11966608018074569062

11 vishdafish the Conjurer (level 2, -1/19 HPs)
             Began as a Demonspawn Conjurer on Mar 29, 2023.
             Slain by a quokka (5 damage)
             ... on level 1 of the Dungeon.
             The game lasted 00:01:36 (1085 turns).

vishdafish the Conjurer (Demonspawn Conjurer)       Turns: 1085, Time: 00:01:36

Health: -1/19      AC:  2    Str:  7    XL:     2   Next: 17%
Magic:  1/5        EV: 12    Int: 19    God:
Gold:   90         SH:  4    Dex: 11    Spells: 4/5 levels left

rFire   . . .      SeeInvis .   (no weapon)
rCold   . . .      Faith    .   f - orb {light}
rNeg    . . .      Spirit   .   a - +0 robe
rPois   .          Reflect  .   (no helmet)
rElec   .          Harm     .   (no cloak)
rCorr   .          Rampage  .   (no gloves)
Will    .....                   (no boots)
Stlth   +.........              (no amulet)
HPRegen 0.06/turn               (no ring)
MPRegen 0.09/turn               (no ring)

@: very slightly contaminated, glowing
A: large bone plates 1
a: no special abilities


You were on level 1 of the Dungeon.
You visited 1 branch of the dungeon, and saw 1 of its levels.

You collected 90 gold pieces.

Inventory:

Armour
 a - a +0 robe (worn)
 f - an orb of light (worn)
Scrolls
 c - a scroll of fog


   Skills:
 - Level 1.7 Dodging
 - Level 1.7 Stealth
 + Level 2.4 Spellcasting
 + Level 4.2 Conjurations


You had 4 spell levels left.
You knew the following spells:

 Your Spells              Type           Power      Damage    Failure   Level
a - Magic Dart            Conj           72%        1d6       2%          1

Your spell library contained the following spells:

 Spells                   Type           Power      Damage    Failure   Level
 Searing Ray              Conj           36%        2d5       4%          2
 Dazzling Flash           Conj/Hex       20%        N/A       21%         3
 Fulminant Prism          Conj/Hex       5%         3d7       56%         4
 Iskenderun's Mystic Bla  Conj/Tloc      10%        2d4       56%         4
 Conjure Ball Lightning   Conj/Air       5%         3x3d6     100%        6
 Discord                  Hex            1%         N/A       100%        8
 Disjunction              Tloc           1%         N/A       100%        8


Dungeon Overview and Level Annotations

Branches:
Dungeon (1/15)

Altars:


Innate Abilities, Weirdness & Mutations

You are partially covered in large bone plates. (SH +4)


Message History

The gnoll attacks as you move away!
The gnoll hits you with a +2 flail of protection.
The gnoll attacks as you move away!
The gnoll hits you with a +2 flail of protection!
A quokka comes into view.
Found 6 stones.
As you read the scroll labelled QULOHOUTHRO, it crumbles to dust.
It is a scroll of identify.
c - a scroll of fog The gnoll hits you with a +2 flail of protection.
* * * LOW HITPOINT WARNING * * *
As you read the scroll labelled IBEUPH QIWUOSAECS, it crumbles to dust.
You assume a fearsome visage.
The gnoll looks frightened!
The endoplasm looks frightened!
The quokka looks frightened!
It was a scroll of fear.
Cornered, the quokka turns to fight!
The quokka attacks as you move away! The quokka barely misses you.
The air fills with toxic fumes!
As you read the scroll labelled QOV HOONUAFUC, it crumbles to dust.
It was a scroll of poison.
The quokka barely misses you.
The gnoll seems to regain its courage.
You block the quokka's attack.
Unknown command.
You aren't carrying any potions.
Okay, then.
You are too injured to fight recklessly!
You are too injured to fight recklessly!
Unknown command.
Aiming: Magic Dart (safe; 2% risk of failure)
Press: ? - help, Q - select action Shift-Dir - straight line, f/p - gnoll
Aim: a gnoll, wielding a +2 flail of protection (haloed, 100% to hit)
You miscast Magic Dart.
You are very lightly contaminated with residual magic.
Nothing appears to happen.
You block the quokka's attack.
Aiming: Magic Dart (safe; 2% risk of failure)
Press: ? - help, Q - select action Shift-Dir - straight line, f/p - gnoll
Aim: a gnoll, wielding a +2 flail of protection (haloed, 100% to hit)
You miscast Magic Dart.
Nothing appears to happen.
The quokka bites you.
You die...

#.##..(.# ######.
#.......# #....#.
####....# #....#.
#...§######....##
#..§§#....'....#
####§##.####....##
#§§g§##§# ####.##
#§r§§§§§# #...##
#@####### #.....
#§# #...#. ###
#..... #.....
#..... #.....
####.. ###


You could see a gnoll and a quokka.

Vanquished Creatures
  A dart slug (D:1)
  A ball python (D:1)
  2 endoplasms (D:1)
  2 hobgoblins (D:1)
  A frilled lizard (D:1)
  A kobold (D:1)
  A rat (D:1)
9 creatures vanquished.

Notes
Turn   | Place    | Note
-------+----------+-------------------------------------------
     0 | D:1      | vishdafish the Demonspawn Conjurer began the quest for the
                  | Orb.
     0 | D:1      | Reached XP level 1. HP: 13/13 MP: 3/3
   686 | D:1      | Gained mutation: You are partially covered in large bone
                  | plates. (SH +4) [demonic ancestry]
   686 | D:1      | Reached XP level 2. HP: 13/19 MP: 1/5
  1085 | D:1      | Slain by a quokka

Illustrated notes

Levels and vault maps discovered:
D:1:      kennysheep_arrival_seaside, layout_basic

Action                   || total
-------------------------++-------
Melee: Unarmed           ||    18
 Cast: Magic Dart        ||    28
  Use: Potion            ||     1
       Scroll            ||     3
Armor: Robe              ||     3
Dodge: Dodged            ||    29
Block: Orb               ||     5
